Map: Ulrena

Players

Jhyrachy

  • Race: Zerg Zerg
  • League: Silver

Itachi - Winner!

  • Race: Zerg Zerg

VOD

Have the link to the VOD?

Description

Time

  • Played on: Dec. 11, 2015, 9:23 a.m.
  • Length: 12:19
Show
View Real Time Build Order
Export as new Build Order

Jhyrachy Zerg 

Build Orders: Hatch First 

Get SALT Encoding   

  12  0:01  Drone  
  13  0:09  Drone  
  14  0:19  Overlord  
  14  0:29  Extractor  
  14  0:30  Extractor  
  14  0:31  Drone x2  
  16  0:38  Drone  
  17  0:58  Hatchery  
  17  1:00  Drone  
  17  1:05  Extractor  
  17  1:06  Drone  
  17  1:09  Overlord  
  17  1:25  Spawning Pool  
  16  1:33  Drone x2  
  19  1:40  Drone  
  19  1:49  Drone  
  20  2:01  Drone  
  21  2:14  Queen x2  
  25  2:16  Metabolic Boost  
  25  2:35  Zergling x2  
  25  2:36  Zergling x10  
  31  2:57  Drone  
  31  2:58  Drone  
  33  2:59  Overlord  
  33  3:00  Zergling x2  
  34  3:19  Baneling Nest  
  33  3:35  Roach Warren  
  33  3:37  Drone x3  
  35  4:07  Overlord x2  
  35  4:08  Overlord  
  35  4:18  Roach  
  35  4:19  Roach x3  
  43  4:28  Baneling  
  43  4:29  Baneling x4  
  42  4:40  Roach  
  42  4:41  Roach x4  
  42  4:44  Zergling x2  
  42  4:45  Zergling x10  
  58  4:46  Zergling x2  
  59  5:09  Hatchery  
  59  5:14  Overlord x3  
  58  5:17  Roach  
  58  5:18  Roach x3  
  58  5:19  Zergling x2  
  38  6:19  Roach  
  38  6:20  Roach x6  
  48  6:27  Queen  
  50  6:34  Extractor  
  50  6:35  Drone x3  
  52  6:54  Ravager  
  53  7:11  Extractor, Drone x4  
  53  7:12  Drone  
  57  7:17  Extractor, Lair  
  56  7:24  Drone x12  
  56  7:25  Drone  
  69  7:46  Drone x6  
  69  7:47  Drone  
  76  7:51  Extractor  
  76  7:55  Extractor  
  76  7:56  Drone x3  
  76  7:57  Drone  
  78  8:27  Overseer  
  78  8:33  Spire  
  77  8:35  Roach  
  77  8:36  Roach x5  
  77  8:38  Ravager  
  90  8:44  Overlord x3  
  82  9:43  Pneumatized Carapace  
  82  9:45  Mutalisk x5  
  77  9:46  Mutalisk x6  
  95  9:53  Ravager  
  95  9:54  Ravager  
  83  10:30  Roach  
  83  10:31  Roach x5  
  89  10:48  Drone x4  
  89  10:49  Drone x2  
  76  11:18  Roach  
  59  11:46  Roach  
  57  11:47  Roach x2  
Show
View Real Time Build Order
Export as new Build Order

Itachi Zerg - Winner!

Build Orders: Hatch First 

Get SALT Encoding   

  12  0:01  Drone  
  13  0:08  Drone  
  14  0:17  Overlord  
  14  0:35  Drone x3  
  17  0:57  Hatchery  
  16  1:01  Drone x2  
  18  1:09  Drone  
  19  1:21  Spawning Pool  
  18  1:40  Hatchery  
  17  1:50  Extractor  
  17  1:51  Drone x3  
  19  2:08  Zergling x2  
  20  2:09  Zergling x2  
  20  2:13  Queen  
  20  2:14  Zergling x2  
  24  2:20  Zergling x2  
  25  2:25  Drone  
  25  2:26  Roach Warren  
  25  2:35  Drone  
  26  2:38  Drone  
  27  2:44  Zergling x2  
  28  2:53  Drone  
  28  2:56  Drone  
  30  2:59  Drone x2  
  30  3:03  Drone  
  33  3:08  Drone  
  33  3:12  Extractor  
  32  3:14  Drone  
  32  3:17  Overlord  
  33  3:27  Evolution Chamber  
  33  3:30  Evolution Chamber  
  33  3:32  Drone x2  
  33  3:38  Drone x3  
  33  3:39  Overlord  
  33  3:40  Roach  
  33  3:41  Roach  
  40  3:59  Roach x4  
  40  4:02  Zerg Missile Weapons Level 1  
  48  4:08  Metabolic Boost  
  48  4:12  Drone  
  49  4:19  Overlord x2  
  49  4:33  Overlord x2  
  51  4:38  Roach x2  
  51  4:39  Roach x2  
  51  4:45  Roach x2  
  61  4:49  Drone  
  61  4:51  Drone  
  64  5:00  Drone x3  
  66  5:12  Drone x2  
  68  5:15  Lair  
  68  5:26  Spore Crawler  
  67  5:30  Roach x4  
  67  5:31  Roach x3  
  81  5:40  Extractor  
  81  5:41  Extractor  
  79  5:44  Drone x2  
  69  6:23  Roach x4  
  69  6:24  Roach x2  
  81  6:25  Drone  
  81  6:29  Extractor  
  81  6:37  Zerg Missile Weapons Level 2  
  81  6:40  Drone  
  81  6:42  Hatchery  
  81  6:47  Drone  
  82  7:03  Extractor  
  82  7:04  Drone, Overlord x2  
  82  7:20  Overlord  
  82  7:26  Infestation Pit  
  82  7:29  Overlord x5  
  81  7:32  Drone  
  82  7:38  Roach x3  
  82  7:39  Ravager  
  82  7:41  Ravager x5  
  82  7:42  Ravager x2  
  96  7:44  Roach  
  96  7:45  Roach  
  96  7:50  Zerg Ground Armor Level 1  
  100  7:53  Drone  
  100  7:54  Drone  
  102  8:04  Roach x3  
  102  8:05  Roach x2  
  112  8:13  Drone  
  112  8:15  Drone  
  112  8:17  Drone  
  112  8:19  Zergling x10  
  120  8:29  Roach x4  
  128  8:44  Roach x4  
  128  8:45  Roach  
  138  9:24  Zergling x16  
  141  9:25  Zergling x8  
  147  10:31  Hydralisk Den  
  141  10:37  Spore Crawler  
  128  10:54  Spore Crawler, Drone x2  
  128  10:55  Drone  
  130  10:58  Spore Crawler  
  130  11:00  Spore Crawler  
  126  11:12  Overlord x5  
  126  11:15  Overlord x5  
  115  11:43  Spore Crawler  
  114  11:47  Spore Crawler  
Tags
 
Add a new tag
Caveats
  • Supply blocks, unpowered buildings, or Contaminate may cause inaccurate times.
  • Supply counts are checked every 10 seconds.